Selects Battlefield Espionage Battlegroup
Selects Battlefield Espionage Battlegroup
Selects Battlefield Espionage Battlegroup
Selects Battlefield Espionage Battlegroup
Selects Sector Subterfuge Beacon
Construct Light Support Kompanie
Panzerjäger Mechanized Group
Selects 250/3 Funkpanzerwagen
Construct Mechanized Kompanie
Marder III Tank Destroyer
Marder III Tank Destroyer
Selects Disruption Operation
Selects Anti-Tank Incendiary Munitions
254 Reconnaissance Tractor
Marder III Tank Destroyer
Marder III Tank Destroyer
Selects Operation Skorpion